 Dungeon Crawl Stone Soup version 0.29-a0-613-gf2c431b9b9 (webtiles) character file.

Game seed: 6348427660401279077

480 ytrimaz the Chopper (level 6, -15/47 HPs)
             Began as a Demonspawn Fighter on June 17, 2022.
             Was a Believer of Dithmenos.
             Demolished by an ogre
             ... wielding a +0 giant spiked club
              (20 damage)
             ... on level 4 of the Dungeon.
             The game lasted 00:04:20 (3734 turns).

ytrimaz the Chopper (Demonspawn Fighter)            Turns: 3734, Time: 00:04:21

Health: -15/47     AC:  7    Str: 19    XL:     6   Next: 86%
Magic:  6/6        EV: 14    Int:  9    God:    Dithmenos [**....]
Gold:   110        SH:  4    Dex: 12    Spells: 5/5 levels left

rFire   + . .      SeeInvis .   a - +0 war axe
rCold   . . .      Faith    .   c - +0 buckler
rNeg    . . .      Spirit   .   w - +2 ring mail {rF+}
rPois   .          Reflect  .   (no helmet)
rElec   .          Harm     .   (no cloak)
rCorr   .          Rampage  .   (no gloves)
Will    .....                   (no boots)
Stlth   +.........              (no amulet)
HPRegen 0.15/turn               i - +4 ring of evasion
MPRegen 0.20/turn               (no ring)

@: wreathed by umbra
A: powered by death 1, magic regeneration, demonic touch 1
a: Renounce Religion, Shadow Step


You were on level 4 of the Dungeon.
You worshipped Dithmenos.
Dithmenos was pleased with you.
You visited 2 branches of the dungeon, and saw 5 of its levels.

You collected 110 gold pieces.

Inventory:

Hand Weapons
 a - a +0 war axe (weapon)
Armour
 c - a +0 buckler (worn)
 l - a +0 tower shield
 w - a +2 ring mail of fire resistance (worn)
Jewellery
 g - a +6 ring of intelligence
 i - a +4 ring of evasion (left hand)
Wands
 p - a wand of paralysis (6)
 x - a wand of iceblast (12)
Scrolls
 f - 2 scrolls of fear
 h - a scroll of amnesia
 k - a scroll of torment {unknown}
 n - a scroll of enchant weapon {unknown}
 o - a scroll of acquirement {unknown}
 r - a scroll of teleportation {unknown}
 t - a scroll of magic mapping {unknown}
 u - a scroll of immolation {unknown}
Potions
 b - a potion of degeneration {unknown}
 d - a potion of flight {unknown}
 e - 3 potions of heal wounds
 j - a potion of haste {unknown}
 m - a potion of lignification {unknown}
 q - a potion of brilliance {unknown}
 s - 2 potions of attraction {unknown}
 v - a potion of curing {unknown}
 z - a potion of magic {unknown}


   Skills:
 - Level 3.0 Fighting
 + Level 6.8 Axes
 - Level 2.6 Armour
 - Level 2.6 Shields
 - Level 0.1 Evocations


You had 5 spell levels left.
You didn't know any spells.
Your spell library contained the following spells:

 Spells                   Type           Power      Damage    Failure   Level
 Freeze                   Ice            0%         1d3       67%         1
 Necrotize                Necr           0%         1d4       67%         1
 Conjure Flame            Conj/Fire      0%         6-21      95%         3
 Frozen Ramparts          Ice            0%         1d2       95%         3
 Ignite Poison            Fire/Tmut/Pois 0%         N/A       95%         3
 Vampiric Draining        Necr           0%         2d6       95%         3
 Hailstorm                Conj/Ice       0%         3d3       100%        4
 Sticky Flame             Conj/Fire      0%         2d3       100%        4
 Agony                    Necr           0%         N/A       100%        5
 Summon Forest            Summ/Tloc      0%         N/A       100%        5
 Summon Mana Viper        Hex/Summ       0%         N/A       100%        5
 Summon Cactus Giant      Summ           0%         N/A       100%        6


Dungeon Overview and Level Annotations

Branches:
Dungeon (4/15)             Temple (1/1) D:4

Altars:
Ashenzari
Dithmenos
Fedhas
Gozag
Hepliaklqana
Kikubaaqudgha
Makhleb
Okawaru
Qazlal
Sif Muna
Trog
Uskayaw
Vehumet
Xom
Zin
The Shining One

Annotations:
D:2 1 runed translucent door, Crazy Yiuf


Innate Abilities, Weirdness & Mutations

You regenerate a little health from kills.
You regenerate magic rapidly.
Your touch may inflict minor irresistible damage on your foes.


Message History

You closely miss the goblin. The goblin completely misses you.
You hit the goblin.
You kill the goblin!
Dithmenos accepts your kill. The endoplasm freezes you.
You are frozen.
Things that are here:
a +0 club; a +0 hunting sling You barely miss the endoplasm.
You block the endoplasm's attack.
You hit the endoplasm but do no damage. You block the endoplasm's attack.
You slash the endoplasm!
You kill the endoplasm!
Dithmenos accepts your kill.
HP restored.
There is a stone staircase leading up here.
Found an escape hatch in the ceiling.
There is an escape hatch in the ceiling here.
An ogre comes into view. It is wielding a +0 giant spiked club.
Found a book of Winter.
The ogre shouts!
An ogre is nearby!
An ogre is nearby!
The ogre hits you with a +0 giant spiked club!
You hit the ogre.
The ogre is lightly wounded.
You slash the ogre!
The ogre is heavily wounded.
You block the ogre's attack.
You hit the ogre.
The ogre is severely wounded.
The ogre hits you with a +0 giant spiked club!!
Ouch! That really hurt!
* * * LOW HITPOINT WARNING * * *
You barely miss the ogre.
The ogre is severely wounded.
The ogre barely misses you.
You hit the ogre.
The ogre is severely wounded.
The ogre hits you with a +0 giant spiked club!!
You die...

...###..#######.# ##
..)..<..........#
######..#.#.#####
#..#.#.# #..#.#.##
#..#....######.#
...#...........#
##.###..<#########.#
#.# ##.##..@O.:....
#.# #.##.#######.#
#...........
#.........######.
###########


You could see an ogre.

Vanquished Creatures
  Sigmund (D:3)
  Pargi (D:3)
  2 hounds (D:4)
  Terence (D:2)
  An orc wizard (D:3)
  6 adders
  3 dart slugs
  4 orcs
  3 ball pythons
  5 bats
  5 endoplasms
  A giant cockroach (D:2)
  5 goblins
  8 hobgoblins
  A quokka (D:2)
  3 frilled lizards
  6 kobolds
  6 rats
62 creatures vanquished.

Vanquished Creatures (others)
  4 plants (D:3)
4 creatures vanquished.

Grand Total: 66 creatures vanquished

Notes
Turn   | Place    | Note
-------+----------+-------------------------------------------
     0 | D:1      | ytrimaz the Demonspawn Fighter began the quest for the Orb.
     0 | D:1      | Reached XP level 1. HP: 18/18 MP: 1/1
    28 | D:1      | Reached skill level 2 in Axes
   179 | D:1      | Found a faded altar of an unknown god.
   309 | D:1      | Prayed at the altar of an unknown god.
   309 | D:1      | Became a worshipper of Dithmenos the Shadowed
   309 | D:1      | Reached * piety under Dithmenos
   454 | D:1      | Gained mutation: You regenerate magic rapidly. [demonic
                  | ancestry]
   454 | D:1      | Reached XP level 2. HP: 22/24 MP: 2/2
   948 | D:2      | Reached skill level 3 in Axes
  1165 | D:2      | Noticed Terence
  1180 | D:2      | Killed Terence
  1181 | D:2      | Gained mutation: You regenerate a little health from kills.
                  | [demonic ancestry]
  1181 | D:2      | Reached XP level 3. HP: 6/29 MP: 3/3
  1666 | D:2      | Reached skill level 4 in Axes
  1666 | D:2      | Reached XP level 4. HP: 32/35 MP: 4/4
  1833 | D:2      | Found a runed translucent door.
  1834 | D:2      | Noticed Crazy Yiuf
  1983 | D:3      | Noticed Sigmund
  2081 | D:3      | Killed Sigmund
  2082 | D:3      | Reached skill level 5 in Axes
  2082 | D:3      | Reached XP level 5. HP: 5/41 MP: 5/5
  2529 | D:3      | Gained mutation: Your touch may inflict minor irresistible
                  | damage on your foes. [demonic ancestry]
  2529 | D:3      | Reached XP level 6. HP: 34/47 MP: 6/6
  2791 | D:3      | Noticed Pargi
  2794 | D:3      | Reached ** piety under Dithmenos
  2803 | D:3      | Killed Pargi
  2804 | D:3      | Reached skill level 6 in Axes
  3341 | D:4      | Found a staircase to the Ecumenical Temple.
  3384 | Temple   | Entered the Ecumenical Temple
  3734 | D:4      | Demolished by an ogre

Illustrated notes

Levels and vault maps discovered:
D:1:      dpeg_arrival_shelter, layout_basic, hellmonk_ecumenical_altar_run_dry,
          corner_web_ring
D:2:      layout_loops_ring, uniq_terence, uniq_crazy_yiuf_cottage
D:3:      layout_basic, serial_bayou_pond_c, minmay_misc_feat_doors,
          uniq_sigmund, uniq_pargi
D:4:      layout_loops_ring, minmay_temple_entry_statues
Temple:   eino_temple_scatter_basement

Skill      XL: |  1  2  3  4  5  6 |
---------------+-------------------+-----
Axes           | 2 3 4 5 6 |  6.8
Fighting       | |  3.0
Armour         | |  2.6
Shields        | |  2.6
Evocations     | |  0.1

Action                   |  1- 3 |  4- 6 || total
-------------------------+-------+-------++-------
Melee: War axe           |    98 |   131 ||   229
Evoke: Wand              |       |     1 ||     1
  Use: Scroll            |     3 |       ||     3
       Potion            |       |     2 ||     2
Armor: Scale mail        |    46 |    24 ||    70
       Ring mail         |       |    25 ||    25
Dodge: Dodged            |    81 |   101 ||   182
Block: Buckler           |    22 |    36 ||    58

Table legend: (Time is in decaauts)
 A = Elapsed time spent in this place.
 B = Non-inter-level travel time spent in this place.
 C = Inter-level travel time spent in this place.
 D = Time resting spent in this place.
 E = Time spent auto-exploring this place.
 F = Levels seen in this place.
 G = Mean time per level.
                   A        B        C        D        E       F      G
               +--------+--------+--------+--------+--------+-----+--------+
         Total |   3810 |   3637 |    173 |      0 |   2921 |   5 |  762.0 |
       Dungeon |   3644 |   3478 |    166 |      0 |   2777 |   4 |  911.0 |
        Temple |    166 |    159 |      7 |      0 |    144 |   1 |  166.0 |
               +--------+--------+--------+--------+--------+-----+--------+

Top non-repeatable levels by time:
     D:2: 1162 daAuts
     D:3: 1119 daAuts
     D:1: 882 daAuts
     D:4: 480 daAuts
  Temple: 166 daAuts
